AoeStats
← TILIN EL TILTEADO

Arabia

507372381Analyzed
1v1 RM · 1mo ago on Sep 17, 2026· 29m 30s· 2 players
Game mode
Random Map
Map size
Tiny (2 player)
Population
200
Speed
Normal
Resources
Standard
Victory
Conquest
Starting age
Dark Age
Ending age
Imperial Age
RankedLock teamsTeams togetherTeam positionsShared explorationLock speedFull tech treeHidden civsTurbo modeCheats
Victory
Defeat
🇧🇷 Vikings · Brazil
951
+16
vs
🇵🇪 Sicilians · Peru
952
-46
LucanMeister
8:11 Loom
10:48 Feudal Age
12:23 Double-Bit Axe
14:07 Horse Collar
19:07 Castle Age
18:14 Gold Mining
18:46 Scale Barding Armor
24:23 Forging
28:51 Heavy Plow
30:20 Bow Saw
TILIN EL TILTEADO
3:02 Loom
10:57 Feudal Age
14:55 Stone Mining
17:18 Horse Collar
17:45 Double-Bit Axe
23:34 Scale Mail Armor
Connection lost

Rejoining the realm…

Still unreachable

The connection could not be restored.

Session expired

The server has moved on; the page needs a fresh start.